 Dungeon Crawl Stone Soup version 0.29-a0-613-gf2c431b9b9 (webtiles) character file.

Game seed: 1585259955405449442

49 moldycheese5 the Bolt Thrower (level 4, -6/25 HPs)
             Began as a Kobold Arcane Marksman on June 16, 2022.
             Mangled by a black bear (8 damage)
             ... on level 3 of the Dungeon.
             The game lasted 00:01:49 (1786 turns).

moldycheese5 the Bolt Thrower (KoAM)                Turns: 1786, Time: 00:01:50

Health: -6/25      AC:  2    Str:  7    XL:     4   Next: 2%
Magic:  5/5        EV: 15    Int: 14    God:
Gold:   138        SH:  0    Dex: 17    Spells: 4/5 levels left

rFire   . . .      SeeInvis .   a - +0 hand crossbow
rCold   . . .      Faith    .   (no shield)
rNeg    . . .      Spirit   .   b - +0 robe
rPois   .          Reflect  .   (no helmet)
rElec   .          Harm     .   (no cloak)
rCorr   .          Rampage  .   (no gloves)
Will    .....                   (no boots)
Stlth   +++.......              (no amulet)
HPRegen 0.08/turn               (no ring)
MPRegen 0.09/turn               (no ring)

@: no status effects
A: small, no large weapons, nightstalker 3
a: no special abilities


You were on level 3 of the Dungeon.
You visited 1 branch of the dungeon, and saw 3 of its levels.

You collected 138 gold pieces.

Inventory:

Hand Weapons
 a - a +0 hand crossbow (weapon)
Armour
 b - a +0 robe (worn)
 e - a +0 pair of boots
Jewellery
 i - a ring of magical power
Scrolls
 c - 3 scrolls of vulnerability
 d - a scroll of acquirement {unknown}
 h - a scroll of enchant armour {unknown}
 j - 2 scrolls of magic mapping {unknown}
 l - 2 scrolls of identify {unknown}
 n - 2 scrolls of amnesia {unknown}
 o - a scroll of fog {unknown}
 p - a scroll of poison {unknown}
Potions
 f - 3 potions of heal wounds {unknown}
 g - 2 potions of curing {unknown}
 k - a potion of magic {unknown}
 m - a potion of might {unknown}


   Skills:
 + Level 1.3 Fighting
 + Level 4.3 Crossbows
 + Level 2.4 Dodging
 + Level 0.4 Stealth
 + Level 1.2 Spellcasting
 + Level 3.5 Hexes


You had 4 spell levels left.
You knew the following spells:

 Your Spells              Type           Power      Damage    Failure   Level
a - Slow                  Hex            40%        N/A       6%          1

Your spell library contained the following spells:

 Spells                   Type           Power      Damage    Failure   Level
 Inner Flame              Hex/Fire       5%         N/A       36%         3
 Portal Projectile        Hex/Tloc       10%        N/A       36%         3
 Cause Fear               Hex            5%         N/A       52%         4


Dungeon Overview and Level Annotations

Branches:
Dungeon (3/15)

Altars:


Innate Abilities, Weirdness & Mutations

You are small and have problems with some larger weapons.
You are completely attuned to the shadows.


Message History

The bolt hits the black bear but does no damage.
The black bear is lightly wounded.
The black bear barely misses you.
The black bear claws you but does no damage.
The black bear closely misses you.
You shoot a bolt.
The bolt hits the black bear but does no damage.
The black bear is lightly wounded.
The black bear closely misses you. x2; The black bear claws you.
You shoot a bolt. The bolt hits the black bear.
The black bear is moderately wounded.
The black bear misses you. The black bear barely misses you.
The black bear claws you but does no damage.
The black bear bites you but does no damage.
The black bear claws you. x2
You shoot a bolt. The bolt barely misses the black bear.
The black bear bites you. The black bear misses you.
The black bear barely misses you.
You are too injured to fight recklessly!
You are too injured to fight recklessly!
You are too injured to fight recklessly!
The black bear attacks as you move away!
The black bear barely misses you. x2; The black bear claws you.
The black bear attacks as you move away!
The black bear bites you.
* * * LOW HITPOINT WARNING * * *
The black bear completely misses you. The black bear claws you.
* * * LOW HITPOINT WARNING * * *
The black bear attacks as you move away!
The black bear completely misses you. The black bear closely misses you. x2
The black bear completely misses you. The black bear barely misses you.
The black bear claws you.
* * * LOW HITPOINT WARNING * * *
The black bear attacks as you move away!
The black bear closely misses you. The black bear barely misses you.
The black bear claws you.
* * * LOW HITPOINT WARNING * * *
There is an escape hatch in the floor here.
The black bear bites you!
You die...

#.# #......# #.#
#####.###......####.#
....................#
.............######.#
.............# #.#
.............# #.#
.............######.#
....................#
......#######...@h..#
...###. #.......#
...# #.......####
...# #...........
...# ##..###.###.
...# ##.# #.# ...# #
#.# ...# #.# ...# #.#


You could see a black bear.

Vanquished Creatures
  An adder (D:2)
  A worm (D:3)
  A dart slug (D:2)
  6 endoplasms
  2 giant cockroaches
  2 hobgoblins
  3 kobolds
  6 ball pythons
  3 bats
  3 frilled lizards
  3 goblins
  5 rats
36 creatures vanquished.

Notes
Turn   | Place    | Note
-------+----------+-------------------------------------------
     0 | D:1      | moldycheese5 the Kobold Arcane Marksman began the quest for
                  | the Orb.
     0 | D:1      | Reached XP level 1. HP: 12/12 MP: 2/2
   192 | D:1      | Reached XP level 2. HP: 16/16 MP: 3/3
   436 | D:1      | Found a faded altar of an unknown god.
   542 | D:1      | Reached skill level 3 in Crossbows
   976 | D:2      | Reached XP level 3. HP: 20/20 MP: 4/4
  1181 | D:2      | Reached skill level 4 in Crossbows
  1704 | D:3      | Reached XP level 4. HP: 25/25 MP: 5/5
  1765 | D:3      | Noticed a black bear
  1786 | D:3      | Mangled by a black bear

Illustrated notes

Levels and vault maps discovered:
D:1:      dpeg_arrival_water_fire, layout_loops_ring,
          dilly_ecumenical_altar_fadedgnrine
D:2:      layout_rooms
D:3:      layout_basic, minmay_misc_feat_more_columns, st_stairs_9,
          chequers_serial_rivers_room_a, chequers_serial_rivers_small_a,
          serial_park_tiny_pond, uniq_grinder

Skill      XL: |  1  2  3 |
---------------+----------+-----
Crossbows      | 3 4 |  4.3
Fighting       | |  1.3
Dodging        | |  2.4
Stealth        | |  0.4
Spellcasting   | |  1.2
Hexes          | |  3.5

Action                   |  1- 3 |  4- 6 || total
-------------------------+-------+-------++-------
 Fire: Hand crossbow     |    86 |    13 ||    99
Armor: Robe              |     5 |     3 ||     8
Dodge: Dodged            |    28 |    27 ||    55

Table legend: (Time is in decaauts)
 A = Elapsed time spent in this place.
 B = Non-inter-level travel time spent in this place.
 C = Inter-level travel time spent in this place.
 D = Time resting spent in this place.
 E = Time spent auto-exploring this place.
 F = Levels seen in this place.
 G = Mean time per level.
                   A        B        C        D        E       F      G
               +--------+--------+--------+--------+--------+-----+--------+
         Total |   1817 |   1746 |     71 |      0 |   1528 |   3 |  605.7 |
       Dungeon |   1817 |   1746 |     71 |      0 |   1528 |   3 |  605.7 |
               +--------+--------+--------+--------+--------+-----+--------+

Top non-repeatable levels by time:
     D:1: 946 daAuts
     D:2: 581 daAuts
     D:3: 290 daAuts
